 Dungeon Crawl Stone Soup version 0.29-a0-824-gd827844252 (webtiles) character file.

Game seed: 2021926397128462851

41 gobodom the Insei (level 3, -3/26 HPs)
             Began as a Demonspawn Transmuter on July 11, 2022.
             Slain by Sigmund
             ... wielding a +1 scythe of protection
              (5 damage)
             ... on level 2 of the Dungeon.
             The game lasted 00:03:17 (1392 turns).

gobodom the Insei (Demonspawn Transmuter)           Turns: 1392, Time: 00:03:18

Health: -3/26      AC:  2    Str: 10    XL:     3   Next: 32%
Magic:  1/6        EV: 12    Int: 16    God:
Gold:   67         SH:  0    Dex: 13    Spells: 3/6 levels left

rFire   . . .      SeeInvis .     - Unarmed
rCold   . . .      Faith    .   (no shield)
rNeg    . . .      Spirit   .   a - +0 robe
rPois   .          Reflect  .   (helmet currently unavailable)
rElec   .          Harm     .   (no cloak)
rCorr   .          Rampage  .   (no gloves)
Will    .....                   (boots currently unavailable)
Stlth   +.........              (no amulet)
HPRegen 0.08/turn               (no ring)
MPRegen 0.10/turn               (no ring)

@: appendages, wereblooded
A: horns 2, talons 2, demonic magic 1, demonic touch 1
a: End Transformation


You were on level 2 of the Dungeon.
You had temporarily grown beastly horns and talons.
You visited 1 branch of the dungeon, and saw 2 of its levels.

You collected 67 gold pieces.

Inventory:

Armour
 a - a +0 robe (worn)
Scrolls
 c - 2 scrolls of identify
Potions
 b - a potion of lignification
 d - a potion of berserk rage
 e - a potion of attraction


   Skills:
 + Level 1.0 Fighting
 + Level 1.9 Dodging
 + Level 3.5 Unarmed Combat
 + Level 2.3 Spellcasting
 + Level 2.1 Transmutations


You had 3 spell levels left.
You knew the following spells:

 Your Spells              Type           Power      Damage    Failure   Level
a - Beastly Appendage     Tmut           16%        N/A       9%          1
b - Wereblood             Tmut           8%         N/A       13%         2

Your spell library contained the following spells:

 Spells                   Type           Power      Damage    Failure   Level
 Spider Form              Tmut/Pois      5%         N/A       36%         3
 Ignite Poison            Fire/Tmut/Pois 4%         N/A       41%         3
 Mephitic Cloud           Conj/Pois/Air  1%         N/A       52%         3
 Ice Form                 Ice/Tmut       5%         N/A       78%         4
 Freezing Cloud           Conj/Ice/Air   0%         6-21      99%         5


Dungeon Overview and Level Annotations

Branches:
Dungeon (2/15)

Altars:

Annotations:
D:2 Sigmund


Innate Abilities, Weirdness & Mutations

You have temporarily grown beastly horns and talons.
Spells you cast may paralyse adjacent enemies.
Your touch may inflict minor irresistible damage on your foes.


Message History

You barely miss the goblin.
The goblin is moderately wounded.
The goblin hits you but does no damage.
Casting: Wereblood (safe; 13% risk of failure)
Confirm with . or Enter, or press ? or * to list all spells.
Your blood is infused with primal strength.
Malevolent energies surge around you. Sigmund closely misses you.
The goblin barely misses you.
You grow a pair of large bovine horns.
Your feet morph into talons.
Malevolent energies surge around you.
The goblin suddenly stops moving!
Sigmund hits you from afar with a +1 scythe of protection!
The helpless goblin fails to defend itself.
You punch the goblin!
You feel a bit better.
You kill the goblin!
You howl as the wereblood boils in your veins!
Sigmund hits you but does no damage.
Things that are here:
a +0 club; a goblin corpse You extend your transformation's duration.
Malevolent energies surge around you. Sigmund closely misses you.
You closely miss Sigmund. Your touch misses Sigmund. You punch the kobold!
You feel a bit better.
You kill the kobold!
Sigmund hits you with a +1 scythe of protection!
You closely miss Sigmund. Your touch misses Sigmund.
Sigmund hits you with a +1 scythe of protection!
* * * LOW HITPOINT WARNING * * *
You hit Sigmund. Your kick misses Sigmund.
Sigmund is lightly wounded.
You barely miss Sigmund. You claw Sigmund.
Sigmund is moderately wounded.
You howl as the wereblood boils in your veins!
Sigmund hits you with a +1 scythe of protection.
* * * LOW HITPOINT WARNING * * *
You hit Sigmund. Your kick misses Sigmund.
Sigmund is heavily wounded.
You hit Sigmund. Your kick misses Sigmund. Your headbutt misses Sigmund.
Sigmund is heavily wounded.
Sigmund hits you with a +1 scythe of protection.
You die...

#.# ...$.. #. #.##
..... ... #..#
.###.g.## ..$.
.#.###
.g.g.g..##..#
.....#
g.g...K.....#
.#.#.# #ggr<##..
##†#.# #...[.......
#.#.#
#.##.######.######.
#...# #.....)))@@.#
###.# ##.#.#.###).#
#.# #.# #. #..# #
#.# #.#.#. #..# ...
#.#
#.#.#.###..##..##
#.#
#.#..............
#.#
#.###..##......##
#.# #.#
#....#####.#
#.####.####.#.# #


You could see Sigmund.

Vanquished Creatures
  Robin (D:2)
  A dart slug (D:1)
  An endoplasm (D:1)
  2 giant cockroaches
  11 goblins
  2 hobgoblins
  A kobold (D:2)
  2 ball pythons (D:1)
  3 bats
  A frilled lizard (D:1)
25 creatures vanquished.

Notes
Turn   | Place    | Note
-------+----------+-------------------------------------------
     0 | D:1      | gobodom the Demonspawn Transmuter began the quest for the
                  | Orb.
     0 | D:1      | Reached XP level 1. HP: 15/15 MP: 3/3
   224 | D:1      | Reached skill level 3 in Unarmed Combat
   533 | D:1      | Gained mutation: Your touch may inflict minor irresistible
                  | damage on your foes. [demonic ancestry]
   533 | D:1      | Reached XP level 2. HP: 19/21 MP: 3/5
  1206 | D:2      | Noticed Sigmund
  1206 | D:2      | Noticed Robin
  1250 | D:2      | Learned a level 2 spell: Wereblood
  1366 | D:2      | Killed Robin
  1367 | D:2      | Gained mutation: Spells you cast may paralyse adjacent
                  | enemies. [demonic ancestry]
  1367 | D:2      | Reached XP level 3. HP: 26/26 MP: 3/6
  1392 | D:2      | Slain by Sigmund

Illustrated notes

Levels and vault maps discovered:
D:1:      dpeg_arrival_stone_temple_mockup, layout_basic, serial_forest,
          infiniplex_forest_corner_2, infiniplex_forest_straight_2,
          infiniplex_forest_split, infiniplex_forest_clump_diagonal,
          infiniplex_forest_clump_tiny, infiniplex_forest_end_2,
          infiniplex_forest_diagonal, infiniplex_forest_split
D:2:      layout_loops_ring, uniq_sigmund, uniq_terence, uniq_robin

Skill      XL: |  1  2 |
---------------+-------+-----
Unarmed Combat | 3 |  3.5
Transmutations | 2 |  2.1
Fighting       | |  1.0
Dodging        | |  1.9
Spellcasting   | |  2.3

Action                   || total
-------------------------++-------
Melee: Unarmed           ||    62
       Kick              ||    14
       Headbutt          ||     3
       Touch             ||     3
       Punch             ||     1
 Cast: Beastly Appendage ||    14
       Wereblood         ||     3
  Use: Scroll            ||     2
 Stab: Paralysed         ||     1
Armor: Robe              ||     9
Dodge: Dodged            ||    31

Table legend: (Time is in decaauts)
 A = Elapsed time spent in this place.
 B = Non-inter-level travel time spent in this place.
 C = Inter-level travel time spent in this place.
 D = Time resting spent in this place.
 E = Time spent auto-exploring this place.
 F = Levels seen in this place.
 G = Mean time per level.
                   A        B        C        D        E       F      G
               +--------+--------+--------+--------+--------+-----+--------+
         Total |   1388 |   1319 |     69 |      0 |   1140 |   2 |  694.0 |
       Dungeon |   1388 |   1319 |     69 |      0 |   1140 |   2 |  694.0 |
               +--------+--------+--------+--------+--------+-----+--------+

Top non-repeatable levels by time:
     D:1: 1230 daAuts
     D:2: 158 daAuts
